 Dungeon Crawl Stone Soup version 0.30-a0-596-g0af90f9a20 (webtiles) character file.

Game seed: 11036751141733413112

46 Darkkill the Shooter (level 3, -1/31 HPs)
             Began as a Minotaur Hunter on Jan 6, 2023.
             Slain by an orc priest
             ... wielding a +0 dagger
              (4 damage)
             ... on level 2 of the Dungeon.
             The game lasted 00:01:11 (943 turns).

Darkkill the Shooter (Minotaur Hunter)               Turns: 943, Time: 00:01:11

Health: -1/31      AC:  3    Str: 15    XL:     3   Next: 46%
Magic:  2/2        EV: 12    Int:  6    God:
Gold:   97         SH:  0    Dex: 15    Spells: 2/2 levels left

rFire   . . .      SeeInvis .    a - +1 shortbow
rCold   . . .      Faith    .    (shield currently unavailable)
rNeg    . . .      Spirit   .    c - +0 leather armour
rPois   .          Reflect  .    (helmet restricted)
rElec   .          Harm     .    (no cloak)
rCorr   .          Rampage  .    (no gloves)
Will    .....                    (no boots)
Stlth   ++                       (no amulet)
HPRegen 0.25/turn                (no ring)
MPRegen 0.08/turn                (no ring)

@: about to teleport
A: horns 2, retaliatory headbutt
a: no special abilities


You were on level 2 of the Dungeon.
You visited 1 branch of the dungeon, and saw 2 of its levels.

You collected 97 gold pieces.

Inventory:

Hand Weapons
 a - a +1 shortbow (weapon)
Missiles
 f - 7 stones
Armour
 c - a +0 leather armour (worn)
Scrolls
 b - 2 scrolls of immolation
 g - a scroll of amnesia
 i - a scroll of identify {@r1}
 l - a scroll of teleportation
Potions
 d - a potion of curing {unknown}
 e - 2 potions of mutation
 h - a potion of brilliance
 j - a potion of haste
 k - a potion of attraction
 m - a potion of lignification {unknown}
 n - a potion of magic {unknown}


   Skills:
 + Level 3.1 Fighting
 + Level 4.7 Ranged Weapons
 + Level 2.9 Dodging
 + Level 1.5 Stealth


You had 2 spell levels left.
You didn't know any spells.
Your spell library contained the following spells:

 Spells                   Type           Power      Damage    Failure   Level
 Magic Dart               Conj           0%         1d3       52%         1
 Summon Small Mammal      Summ           0%         N/A       52%         1
 Call Imp                 Summ           0%         N/A       67%         2
 Call Canine Familiar     Summ           0%         N/A       88%         3
 Mephitic Cloud           Conj/Pois/Air  0%         N/A       88%         3
 Ozocubu's Armour         Ice            0%         N/A       88%         3
 Summon Guardian Golem    Hex/Summ       0%         N/A       88%         3
 Metabolic Englaciation   Hex/Ice        0%         N/A       100%        5
 Simulacrum               Ice/Necr       0%         N/A       100%        6


Dungeon Overview and Level Annotations

Branches:
Dungeon (2/15)

Altars:


Innate Abilities, Weirdness & Mutations

You have a pair of horns on your head.
You reflexively headbutt those who attack you in melee.


Message History

The jackal closely misses you. x2
There are monsters nearby!
You shoot an arrow. The arrow closely misses the jackal.
The arrow completely misses the giant cockroach.
The jackal misses you.
The jackal bites you but does no damage.
There are monsters nearby!
You shoot an arrow. The arrow hits the jackal.
You kill the jackal!
The giant cockroach closely misses you. You furiously retaliate!
You headbutt the giant cockroach.
A giant cockroach is nearby!
You shoot an arrow.
The arrow completely misses the giant cockroach.
The giant cockroach bites you.
A giant cockroach is nearby!
You shoot an arrow.
The arrow hits the giant cockroach but does no damage.
The giant cockroach is severely wounded.
The giant cockroach barely misses you.
The giant cockroach bites you but does no damage.
A giant cockroach is nearby!
You shoot an arrow.
The arrow closely misses the giant cockroach.
The giant cockroach barely misses you.
The giant cockroach bites you but does no damage.
A giant cockroach is nearby!
You shoot an arrow.
The arrow barely misses the giant cockroach.
The giant cockroach closely misses you.
A giant cockroach is nearby!
You shoot an arrow.
The arrow hits the giant cockroach but does no damage.
The giant cockroach is severely wounded.
The giant cockroach barely misses you. The giant cockroach closely misses you.
You furiously retaliate!
You headbutt the giant cockroach!
You kill the giant cockroach!
Things that are here:
a giant cockroach corpse; a jackal corpse; a jackal corpse
Found an escape hatch in the ceiling.
No target in view!
Things that are here:
a giant cockroach corpse; a jackal corpse; a jackal corpse
There is an open door here.
An orc comes into view. It is wielding a +0 club.
Your line of fire to the orc is blocked by a granite statue.
An orc is nearby!
Your line of fire to the orc is blocked by a granite statue.
An orc is nearby!
Your line of fire to the orc is blocked by a granite statue.
An orc is nearby!
An orc priest and an orc come into view.
The orc is wielding a +1 dagger of electrocution.
The orc priest shouts!
The orc shouts!
An orc priest comes into view. It is wielding a +0 flail.
Found 11 gold pieces.
The orc priest misses you.
You shoot an arrow. The arrow barely misses the orc priest.
The arrow closely misses the orc.
The orc priest shouts!
The orc shouts!
The orc priest hits you with a +0 dagger.
The orc hits you with a +1 dagger of electrocution.
The orc priest closely misses you.
You shoot an arrow. The arrow hits the orc priest.
The orc priest is moderately wounded.
The orc closely misses you.
The orc priest hits you but does no damage.
You shoot an arrow. The arrow hits the orc priest.
The orc priest is heavily wounded.
The orc hits you with a +1 dagger of electrocution.
You shoot an arrow. The arrow barely misses the orc priest.
The arrow closely misses the orc.
The orc priest looks satisfied for a moment.
The orc priest hits you with a +0 flail!
The orc barely misses you.
The orc priest miscasts a cantrip.
The orc priest hits you with a +0 dagger.
The orc hits you but does no damage.
You shoot an arrow.
The arrow closely misses the orc priest.
The orc priest hits you with a +0 flail!
* * * LOW HITPOINT WARNING * * *
The orc closely misses you. You furiously retaliate!
You headbutt the orc.
The orc priest hits you but does no damage.
The orc hits you with a +1 dagger of electrocution.
* * * LOW HITPOINT WARNING * * *
As you read the scroll labelled VEUSIENL XAGARCH, it crumbles to dust.
You feel strangely unstable.
It was a scroll of teleportation.
The orc closely misses you. The orc barely misses you.
The orc priest hits you with a +0 dagger.
* * * LOW HITPOINT WARNING * * *
The orc priest calls upon Beogh to heal the orc priest.
The orc priest is healed somewhat.
As you read the scroll of identify {@r1}, it crumbles to dust.
h - a potion of brilliance The orc hits you with a +0 club.
* * * LOW HITPOINT WARNING * * *
The orc barely misses you. You furiously retaliate!
You headbutt the orc.
The orc priest hits you with a +0 dagger.
You die...

# #.# # ##$⌠.## ###.### #
##.....## ....... # #.......#....
###.### # #.8...8.#.... #.... #
#.......#....#####....
#.......#..#.........#
#.#...ooo.#.†########..#
#.#.8.o@8.#..# #..#
#.#.......#..## #...
#.............## ##...
#.......##.....## ##...#
#..######.......###.....
##########...####.........##.....
...........^....+.........'†.....
.#########...####.........###..<.
.# ##..######.......## ##..#


You could see 2 orc priests and 2 orcs.

Vanquished Creatures
  A dart slug (D:1)
  An orc (D:2)
  2 ball pythons (D:1)
  An endoplasm (D:1)
  A giant cockroach (D:2)
  3 goblins (D:1)
  3 hobgoblins (D:1)
  12 jackals
  4 kobolds (D:1)
  3 quokkas (D:1)
  2 frilled lizards (D:1)
  3 rats
36 creatures vanquished.

Notes
Turn   | Place    | Note
-------+----------+-------------------------------------------
     0 | D:1      | Darkkill the Minotaur Hunter began the quest for the Orb.
     0 | D:1      | Reached XP level 1. HP: 18/18 MP: 0/0
    40 | D:1      | Reached skill level 1 in Stealth
   122 | D:1      | Reached XP level 2. HP: 25/25 MP: 1/1
   380 | D:1      | Reached XP level 3. HP: 31/31 MP: 2/2
   941 | D:2      | HP: 6/31 [orc priest/+0 flail (8)]
   943 | D:2      | Slain by an orc priest

Illustrated notes

Levels and vault maps discovered:
D:1:      shiori_arrival_oz, layout_rooms
D:2:      cheibrodos_pilgrimage, layout_loops_corners, grunt_decor_cap,
          dreamdust_princess_corridor

Skill      XL: |  1  2 |
---------------+-------+-----
Stealth        | 1 |  1.5
Fighting       | 3 |  3.1
Ranged Weapons | |  4.7
Dodging        | |  2.9

Action                   || total
-------------------------++-------
 Fire: Shortbow          ||    96
  Use: Scroll            ||     7
Armor: Leather armour    ||    14
Dodge: Dodged            ||    39

Table legend: (Time is in decaauts)
 A = Elapsed time spent in this place.
 B = Non-inter-level travel time spent in this place.
 C = Inter-level travel time spent in this place.
 D = Time resting spent in this place.
 E = Time spent auto-exploring this place.
 F = Levels seen in this place.
 G = Mean time per level.
                   A        B        C        D        E       F      G
               +--------+--------+--------+--------+--------+-----+--------+
         Total |    972 |    955 |     17 |      0 |    752 |   2 |  486.0 |
       Dungeon |    972 |    955 |     17 |      0 |    752 |   2 |  486.0 |
               +--------+--------+--------+--------+--------+-----+--------+

Top non-repeatable levels by time:
     D:1: 550 daAuts
     D:2: 421 daAuts

Table legend:
 A = Kills in this place as a percentage of kills in entire the game.
 B = Kills by you in this place as a percentage of kills by you in the entire game.
 C = Kills by friends in this place as a percentage of kills by friends in the entire game.
 D = Other kills in this place as a percentage of other kills in the entire game.
 E = Experience gained in this place as a percentage of experience gained in the entire game.
 F = Experience gained in this place divided by the number of levels of this place that you have seen.
                   A       B       C       D       E      F
               +-------+-------+-------+-------+-------+----------------------
         Total | 100.0 | 100.0 |   N/A |   N/A | 100.0 |  33.5
       Dungeon | 100.0 | 100.0 |   N/A |   N/A | 100.0 |  33.5
               +-------+-------+-------+-------+-------+----------------------
